 Dungeon Crawl Stone Soup version 0.26-a0-540-g8a0c9464d7 (webtiles) character file.

Game seed: 8958353491224089996

165 BeastOfSaturn the Slasher (level 5, -2/41 HPs)
             Began as a Demonspawn Warper on Aug 15, 2020.
             Killed by nerve-wracking pain
             ... invoked by Grinder
              (10 damage)
             ... on level 3 of the Dungeon.
             The game lasted 00:05:29 (3351 turns).

BeastOfSaturn the Slasher (Demonspawn Warper)       Turns: 3351, Time: 00:05:30

Health: -2/41      AC:  3    Str: 13    XL:     5   Next: 22%
Magic:  8/8        EV: 12    Int: 14    God:
Gold:   177        SH:  0    Dex: 12    Spells: 3/8 levels left

rFire    + . .     SeeInvis .   a - +0 falchion
rCold    . . .     Faith    .   (no shield)
rNeg     . . .     Spirit   .   b - +0 leather armour
rPois    .         Reflect  .   (helmet restricted)
rElec    .         Harm     .   (no cloak)
rCorr    .                      (no gloves)
MR       +....                  (no boots)
Stlth    +.........             (no amulet)
HPRegen  0.13/turn              o - ring of protection from magic
MPRegen  0.11/turn              p - ring of protection from fire

@: mighty
A: horns 1, spiny 1
a: no special abilities


You were on level 3 of the Dungeon.
You visited 1 branch of the dungeon, and saw 3 of its levels.

You collected 177 gold pieces.

Inventory:

Hand Weapons
 a - a +0 falchion (weapon)
Missiles
 e - 4 boomerangs of dispersal (quivered)
Armour
 b - a +0 leather armour (worn)
 q - a +0 scale mail
Jewellery
 j - an uncursed ring of attention
 o - a ring of protection from magic (left hand)
 p - a ring of protection from fire (right hand)
 r - a +6 ring of strength {unknown}
Scrolls
 d - a scroll of blinking
 f - 2 scrolls of remove curse
 g - 4 scrolls of teleportation
 k - 2 scrolls of enchant armour {unknown}
 n - 2 scrolls of fog
Potions
 h - a potion of invisibility
 l - a potion of berserk rage {unknown}
 m - a potion of heal wounds {unknown}


   Skills:
 * Level 3.4 Fighting
 * Level 3.8 Long Blades
 - Level 0.8 Throwing
 - Level 1.0 Armour
 - Level 2.0 Dodging
 - Level 2.0 Spellcasting
 * Level 3.0 Translocations


You had 3 spell levels left.
You knew the following spells:

 Your Spells              Type           Power        Failure   Level
a - Blink                 Tloc           N/A          13%         2
b - Gell's Gravitas       Tloc           ##........   26%         3

Your spell library contained the following spells:

 Spells                   Type           Power        Failure   Level
 Lesser Beckoning         Tloc           ##........   26%         3
 Teleport Other           Tloc           ##......     26%         3
 Passage of Golubria      Tloc           N/A          65%         4


Dungeon Overview and Level Annotations

Branches:
Dungeon (3/15)

Altars:
Zin

Annotations:
D:3 Grinder


Innate Abilities, Weirdness & Mutations

You have a pair of small horns on your head.
You are partially covered in sharp spines.


Message History

* * * LOW HITPOINT WARNING * * *
You feel better. Grinder gestures at you. You resist with almost no effort.
It was a potion of might.
You feel very mighty all of a sudden. Grinder hits you.
You barely miss Grinder.
Grinder is heavily wounded.
Grinder hits you!
* * * LOW HITPOINT WARNING * * *
You slash Grinder!
Grinder is severely wounded.
Grinder closely misses you.
You riposte.
You hit Grinder.
Grinder is almost dead.
You closely miss Grinder.
Grinder is almost dead.
Grinder gestures at you. Pain shoots through your body!
You die...

..... ..........# ....#
..... ..........# ....#
..... ..........##....#
..... ................
..... ..............
<.... #...#........
..... #...#........
..... +...+........
.....#######...#@.......
...#............5.......
...#..........#.......##
...#..........#.......#
#..........#.......#
+###.................##
...#.......<.........#
....
...#.ยง...............#
.....
.....................'
.....


You could see Grinder.

Vanquished Creatures
  A scorpion (D:3)
  2 adders (D:2)
  A gnoll (D:1)
  3 oozes
  5 worms
  3 leopard geckos
  An orc (D:3)
  A giant cockroach (D:1)
  4 goblins (D:1)
  7 hobgoblins
  12 jackals
  9 bats
  2 frilled lizards
  5 kobolds
  2 rats
58 creatures vanquished.

Notes
Turn   | Place    | Note
-------+----------+-------------------------------------------
     0 | D:1      | BeastOfSaturn the Demonspawn Warper began the quest for the
                  | Orb.
     0 | D:1      | Reached XP level 1. HP: 16/16 MP: 3/3
    46 | D:1      | Reached skill level 1 in Armour
   209 | D:1      | Gained mutation: You have a pair of small horns on your
                  | head. [demonic ancestry]
   209 | D:1      | Reached XP level 2. HP: 5/23 MP: 5/5
   925 | D:1      | Gained mutation: You are partially covered in sharp spines.
                  | [demonic ancestry]
   925 | D:1      | Reached XP level 3. HP: 15/28 MP: 6/6
   929 | D:1      | Learned a level 2 spell: Blink
  1884 | D:2      | Learned a level 3 spell: Gell's Gravitas
  1901 | D:2      | Reached XP level 4. HP: 35/35 MP: 7/7
  2067 | D:2      | Found a glowing silver altar of Zin.
  2895 | D:3      | Reached XP level 5. HP: 10/41 MP: 8/8
  3257 | D:3      | Noticed Grinder
  3351 | D:3      | Killed from afar by Grinder

Illustrated notes

Levels and vault maps discovered:
D:1:      dpeg_arrival_boxorama, layout_loops_cross, minmay_tromino_v7
D:2:      layout_basic, lemuel_coloured_pillars_altar
D:3:      layout_basic, uniq_grinder

Skill      XL: |  1  2  3  4 |
---------------+-------------+-----
Armour         | 1 |  1.0
Long Blades    | 2 3 |  3.8
Dodging        | 2 |  2.0
Fighting       | 3 |  3.4
Translocations | 3 |  3.0
Throwing       | |  0.8
Spellcasting   | |  2.0

Action                   |  1- 3 |  4- 6 || total
-------------------------+-------+-------++-------
Melee: Falchion          |    92 |    77 ||   169
       Headbutt          |    12 |    13 ||    25
Throw: Boomerang         |       |     1 ||     1
 Cast: Blink             |       |     1 ||     1
  Use: Scroll            |     2 |     6 ||     8
       Potion            |       |     3 ||     3
Armor: Leather armour    |    30 |     9 ||    39
Dodge: Dodged            |    70 |    36 ||   106
       Rpst.: Falchion   |    28 |    15 ||    43

Table legend: (Time is in decaauts)
 A = Elapsed time spent in this place.
 B = Non-inter-level travel time spent in this place.
 C = Inter-level travel time spent in this place.
 D = Time resting spent in this place.
 E = Time spent auto-exploring this place.
 F = Levels seen in this place.
 G = Mean time per level.
                   A        B        C        D        E       F      G
               +--------+--------+--------+--------+--------+-----+--------+
         Total |   3376 |   3315 |     61 |    993 |   1805 |   3 | 1125.3 |
       Dungeon |   3376 |   3315 |     61 |    993 |   1805 |   3 | 1125.3 |
               +--------+--------+--------+--------+--------+-----+--------+

Top non-repeatable levels by time:
     D:1: 1407 daAuts
     D:2: 1313 daAuts
     D:3: 655 daAuts
